 Dungeon Crawl Stone Soup version 0.31.0-11-ge490571c62 (webtiles) character file.

Game seed: 2417069722719810589

563 monsoonserge the Magician (level 7, -4/38 HPs)
             Began as a Deep Elf Hedge Wizard on Jan 29, 2024.
             Was an Initiate of Vehumet.
             Slain by an orc
             ... wielding a +0 trident
              (7 damage)
             ... on level 5 of the Dungeon.
             The game lasted 00:23:23 (4927 turns).

monsoonserge the Magician (Deep Elf Hedge Wizard)   Turns: 4927, Time: 00:23:23

Health: -4/38      AC:  3    Str:  7    XL:     7   Next: 10%
Magic:  10/16      EV: 13    Int: 21    God:    Vehumet [......]
Gold:   298        SH:  0    Dex: 14    Spells: 9/16 levels left

rFire   . . .        A - +2 short sword (speed)
rCold   . . .        (no shield)
rNeg    . . .        b - +0 robe
rPois   .            o - +0 helmet
rElec   .            (no cloak)
rCorr   .            (no gloves)
SInv    .            (no boots)
Will    .....        (no amulet)
Stlth   ++           g - +4 ring of slaying
HPRegen 0.26/turn    (no ring)
MPRegen 0.15/turn

%: no passive effects
@: brilliant, on blink cooldown, very slightly contaminated
A: no striking features
a: Renounce Religion


You were on level 5 of the Dungeon.
You worshipped Vehumet.
Vehumet was noncommittal.
You visited 2 branches of the dungeon, and saw 6 of its levels.

You collected 298 gold pieces.

Inventory:

Hand Weapons
 q - a +2 dagger of speed
 z - the +6 great mace of Hiaxiu {venom, *Noise rN+ rCorr Str+5}
   (You found it on level 5 of the Dungeon)

   Str+5:     It affects your strength (+5).
   rN+:       It protects you from negative energy.
   *Noise:    It may make a loud noise when swung.
   rCorr:     It protects you from acid and corrosion.
 A - a +2 short sword of speed (weapon)
Missiles
 t - 4 poisoned darts (quivered)
 u - a boomerang
Armour
 b - a +0 robe (worn)
 o - a +0 helmet (worn)
Jewellery
 g - a +4 ring of slaying (left hand)
 i - a ring of ice
Wands
 w - a wand of flame (9)
 y - a wand of charming (11)
Scrolls
 e - a scroll of noise {unknown}
 f - a scroll of blinking {unknown}
 h - a scroll of revelation {unknown}
 j - 3 scrolls of amnesia
 k - a scroll of enchant armour {unknown}
 l - a scroll of teleportation {unknown}
 m - a scroll of torment {unknown}
 n - a scroll of fog {unknown}
 p - 7 scrolls of identify {unknown}
 r - 2 scrolls of fear {unknown}
 v - 2 scrolls of silence {unknown}
 x - a scroll of immolation {unknown}
Potions
 a - a potion of degeneration {unknown}
 c - a potion of curing {unknown}
 d - 4 potions of brilliance
 s - a potion of might {unknown}


   Skills:
 + Level 1.3 Fighting
 + Level 3.0 Short Blades
 + Level 0.3 Throwing
 + Level 4.2 Dodging
 - Level 3.0 Stealth
 - Level 5.0 Spellcasting
 * Level 2.9 Conjurations
 - Level 2.0 Summonings
 - Level 2.0 Translocations
 * Level 2.5 Air Magic
 * Level 2.2 Alchemy
 * Level 0.7 Evocations


You had 9 spell levels left.
You knew the following spells:

 Your Spells              Type           Power      Damage    Failure   Level
b - Blink                 Tloc           40%        N/A       7%          2
c - Call Imp              Summ           40%        N/A       7%          2
d - Mephitic Cloud        Conj/Alch/Air  24%        N/A       11%         3

Your spell library contained the following spells:

 Spells                   Type           Power      Damage    Failure   Level
 Magic Dart               Conj           100%       1d8       3%          1
 Cigotuvi's Dreadful Rot  Necr/Alch/Air  36%        N/A       9%          2
 Slow                     Hex            28%        N/A       11%         1
 Hailstorm                Conj/Ice       17%        3d6       19%         3
 Arcjolt                  Conj/Air       12%        1d22      67%         5
 Death Channel            Necr           3%         N/A       100%        6


Dungeon Overview and Level Annotations

Branches:
Dungeon (5/15)             Temple (1/1) D:5

Altars:
Ashenzari
Cheibriados
Dithmenos
Elyvilon
Fedhas
Gozag
Hepliaklqana
Kikubaaqudgha
Makhleb
Nemelex Xobeh
Okawaru
Qazlal
Ru
Trog
Uskayaw
Vehumet
Wu Jian
Xom
Yredelemnul
Zin
The Shining One

Shops:
D:1 [   D:4 =([

Annotations:
D:5 Menkaure


Message History

The puff of flame hits you! The orc hits you but does no damage.
Something hits you.
* * * LOW HITPOINT WARNING * * *
Unknown command.
It was a potion of brilliance.
You feel clever all of a sudden. The orc hits you with a +0 trident!
* * * LOW HITPOINT WARNING * * *
Something hits you.
* * * LOW HITPOINT WARNING * * *
Casting: Mephitic Cloud (dangerous; 11% risk of failure)
Confirm with . or Enter, or press ? or * to list all spells.
You feel a surge of power!
You blink.
Casting: Blink (safe; 7% risk of failure)
Confirm with . or Enter, or press ? or * to list all spells.
Okay, then.
Casting: Blink (safe; 7% risk of failure)
Confirm with . or Enter, or press ? or * to list all spells.
You feel a surge of power!
A tiny devil pulls itself out of the air.
The orc closely misses you.
Casting: Call Imp (safe; 7% risk of failure)
Confirm with . or Enter, or press ? or * to list all spells.
Aiming: Mephitic Cloud (dangerous; 11% risk of failure)
Press: ? - help, Shift-Dir - straight line You feel a surge of power!
You miscast Mephitic Cloud.
You are very lightly contaminated with residual magic.
Nothing appears to happen.
The orc completely misses you.
Your cerulean imp completely misses the orc wizard.
Casting: Mephitic Cloud (dangerous; 11% risk of failure)
Confirm with . or Enter, or press ? or * to list all spells.
Aiming: Mephitic Cloud (dangerous; 11% risk of failure)
Press: ? - help, Shift-Dir - straight line You feel a surge of power!
The ball explodes into a vile cloud!
The stinking cloud engulfs the orc wizard.
The stinking cloud engulfs the orc.
The stinking cloud engulfs something.
You hear a shout!
The orc wizard is engulfed in noxious fumes.
The orc hits you from afar with a +0 trident!
You die...

#######........)#####
####..........#..##.<..#
#....########....##....#
#.#### #....#.....# #.#
#......##.## ..##
##......##.#
...#########.......##.#
.................#.##.#
#........##.....@#....##
##..†...........o.§....####
####...####...5§§o.##....#
##.......#.###..#....####
#...#..#....#.........##
#...#.##...#.....)...##..#
#.###.####.#.........###.#
..# #..###...##.####.......
#...##..#...##..#
#.........


You could see an orc wizard (ally target), an orc and a friendly cerulean imp
(summoned).

Vanquished Creatures
  An ice beast (D:5)
  A phantom (D:5)
  A scorpion (D:5)
  A bombardier beetle (D:4)
  An orc priest (D:5)
  An iguana (D:4)
  An orc wizard (D:5)
  8 adders
  A ribbon worm (D:4)
  7 dart slugs
  10 orcs
  6 ball pythons
  8 endoplasms
  6 giant cockroaches
  6 goblins
  13 hobgoblins
  3 jackals (D:4)
  7 kobolds
  5 quokkas
  4 bats
  3 frilled lizards
  7 rats
101 creatures vanquished.

Vanquished Creatures (collateral kills)
  An adder (D:2)
  A shadow imp (D:4)
  2 dart slugs (D:4)
  6 orcs
  A ball python (D:2)
  A rat (D:2)
12 creatures vanquished.

Grand Total: 113 creatures vanquished

Notes
Turn   | Place    | Note
-------+----------+-------------------------------------------
     0 | D:1      | monsoonserge the Deep Elf Hedge Wizard began the quest for
                  | the Orb.
     0 | D:1      | Reached XP level 1. HP: 10/10 MP: 7/7
    89 | D:1      | Found Degethrie's Antique Armour Shop.
   244 | D:1      | Reached XP level 2. HP: 15/15 MP: 5/9
   264 | D:1      | Learned a level 2 spell: Blink
   267 | D:1      | Learned a level 2 spell: Call Imp
   571 | D:1      | Got Sif Muna's Disquisition on Damaging Shadows
   771 | D:1      | Reached skill level 5 in Spellcasting
  1170 | D:1      | Reached XP level 3. HP: 15/19 MP: 7/11
  1174 | D:1      | Learned a level 3 spell: Mephitic Cloud
  1571 | D:2      | Reached skill level 1 in Alchemy
  1933 | D:2      | Reached XP level 4. HP: 12/24 MP: 2/13
  1939 | D:2      | HP: 1/24 [poisoned by an adder]
  3178 | D:3      | Reached skill level 1 in Air Magic
  3490 | D:4      | Reached XP level 5. HP: 24/28 MP: 11/14
  3653 | D:4      | Reached skill level 1 in Short Blades
  3956 | D:4      | Found Xoshreuty's Antique Armour Boutique.
  4068 | D:4      | Found Ammolot's Weapon Shoppe.
  4089 | D:4      | Found Tonaug's Jewellery Boutique.
  4267 | D:5      | Entered Level 5 of the Dungeon
  4267 | D:5      | Noticed a phantom
  4287 | D:5      | Noticed an ice beast
  4315 | D:5      | Found a staircase to the Ecumenical Temple.
  4323 | Temple   | Entered the Ecumenical Temple
  4355 | Temple   | Became a worshipper of Vehumet
  4519 | D:5      | Killed a phantom
  4520 | D:5      | Reached skill level 1 in Fighting
  4520 | D:5      | Reached XP level 6. HP: 27/34 MP: 12/15
  4566 | D:5      | Killed an ice beast
  4656 | D:5      | Identified the +6 great mace of Hiaxiu {venom, *Noise rN+
                  | rCorr Str+5}
  4753 | D:5      | Reached XP level 7. HP: 33/38 MP: 16/16
  4913 | D:5      | Noticed Menkaure
  4927 | D:5      | Slain by an orc

Illustrated notes

Levels and vault maps discovered:
D:1:      dpeg_arrival_signposts, layout_basic, serial_shops,
          nicolae_shop_rolling_square
D:2:      layout_basic, serial_corexii_hall, chequers_hall_statues_corner_a,
          chequers_hall_statues_y
D:3:      layout_loops_cross, palyth_stone_intersect
D:4:      kennysheep_slugbush, layout_basic, serial_shops,
          nicolae_shop_bloodbath_and_beyond, shop, nicolae_shop_gibbet_a_chance
D:5:      layout_rooms, minmay_temple_entry_stoned_glass, uniq_menkaure
Temple:   mainiacjoe_temple_trianglar_array

Skill      XL: |  1  2  3  4  5  6  7 |
---------------+----------------------+-----
Dodging        | 3 4 |  4.2
Spellcasting   | 5 |  5.0
Alchemy        | 1 2 |  2.2
Stealth        | 3 |  3.0
Conjurations   | 2 |  2.9
Air Magic      | 1 2 |  2.5
Summonings     | 2 |  2.0
Translocations | 2 |  2.0
Short Blades   | 2 3 |  3.0
Fighting       | 1 |  1.3
Throwing       | |  0.3
Evocations     | |  0.7

Action                     |  1- 3 |  4- 6 |  7- 9 || total
---------------------------+-------+-------+-------++-------
  Melee: Short sword       |    23 |     9 |     7 ||    39
         Dagger            |       |   160 |     9 ||   169
  Throw: Boomerang         |       |     5 |       ||     5
         Dart              |       |     1 |       ||     1
   Cast: Magic Dart        |    93 |    47 |       ||   140
         Call Imp          |     2 |    11 |     3 ||    16
         Mephitic Cloud    |       |     5 |     2 ||     7
         Blink             |       |     3 |     1 ||     4
  Evoke: Wand              |       |     5 |       ||     5
    Use: Potion            |       |     1 |     1 ||     2
         Scroll            |       |     1 |       ||     1
   Stab: Sleeping          |     4 |     5 |       ||     9
         Distracted        |       |     2 |       ||     2
         Confused          |       |     1 |       ||     1
 Armour: Robe              |    20 |    59 |    15 ||    94
  Dodge: Dodged            |    34 |    70 |     4 ||   108
